Map: Coda LE (Void)

Players

Javert - Winner!

  • Race: Zerg Zerg
  • League: Grandmaster

VOD

Have the link to the VOD?

Description

Time

  • Played on: June 21, 2015, 10:27 p.m.
  • Length: 6:34
Show
View Real Time Build Order
Export as new Build Order

Javert Zerg - Winner!

Build Orders: Hatch First 

Get SALT Encoding   

  12  0:05  Drone  
  12  0:13  Overlord  
  12  0:20  Drone  
  12  0:33  Drone x2  
  12  0:38  Drone  
  12  0:56  Drone  
  12  0:58  Hatchery  
  12  1:05  Drone, Extractor  
  12  1:11  Drone  
  12  1:27  Spawning Pool  
  12  1:29  Drone  
  12  1:32  Overlord  
  12  1:42  Drone  
  12  1:53  Drone  
  12  2:05  Drone  
  12  2:15  Queen  
  12  2:16  Queen  
  12  2:18  Zergling x4  
  12  2:23  Drone  
  12  2:31  Drone  
  12  2:36  Drone x2  
  12  2:38  Metabolic Boost  
  12  2:43  Drone  
  12  2:48  Zergling x2  
  12  2:56  Overlord  
  12  3:06  Drone  
  12  3:09  Drone x2  
  12  3:24  Drone x2  
  12  3:31  Queen  
  12  3:39  Drone x4  
  12  3:40  Overlord  
  12  3:44  Overlord  
  12  3:53  Overlord  
  12  3:54  Hatchery, Overlord  
  12  3:56  Lair  
  12  3:59  Extractor  
  12  4:00  Drone  
  12  4:08  Overlord  
  12  4:18  Drone x6  
  12  4:19  Drone x3  
  12  4:30  Extractor  
  12  4:32  Extractor  
  12  4:34  Drone  
  12  4:35  Drone x5  
  12  4:47  Roach Warren  
  12  4:48  Drone x2  
  12  4:49  Evolution Chamber  
  12  4:51  Evolution Chamber  
  12  4:58  Overlord  
  12  5:01  Drone x5  
  12  5:12  Drone x2  
  12  5:25  Drone x6  
  12  5:37  Drone x7, Extractor x2  
  12  5:49  Roach x5  
  12  5:50  Roach  
  12  6:01  Roach x5  
  12  6:02  Roach  
  12  6:06  Drone  
Tags
 
Add a new tag
Caveats
  • Supply blocks, unpowered buildings, or Contaminate may cause inaccurate times.
  • Supply counts are checked every 10 seconds.